 Dungeon Crawl Stone Soup version 0.29.1-12-g30fa7ad0bf (webtiles) character file.

Game seed: 909339283025213263

57 Radix the Stinger (level 4, -6/36 HPs)
             Began as a Naga Venom Mage on Dec 29, 2022.
             Mangled by Terence
             ... wielding a +0 mace
              (11 damage)
             ... on level 3 of the Dungeon.
             The game lasted 00:10:13 (1674 turns).

Radix the Stinger (Naga Venom Mage)                 Turns: 1674, Time: 00:10:14

Health: -6/36      AC:  3    Str: 10    XL:     4   Next: 0%
Magic:  5/8        EV: 10    Int: 17    God:
Gold:   141        SH:  0    Dex: 12    Spells: 6/9 levels left

rFire   . . .      SeeInvis +   d - +0 sling
rCold   . . .      Faith    .   (no shield)
rNeg    . . .      Spirit   .   a - +0 robe
rPois   +          Reflect  .   (no helmet)
rElec   .          Harm     .   (no cloak)
rCorr   .          Rampage  .   j - +0 pair of gloves
Will    .....                   (no barding)
Stlth   ++........              (no amulet)
HPRegen 0.12/turn               (no ring)
MPRegen 0.11/turn               (no ring)

@: weak-willed, very slightly contaminated, very slow
A: AC +1, large, see invisible, deformed body, poison resistance, slowness 2,
spit poison 1, naga tail 1
a: Spit Poison


You were on level 3 of the Dungeon.
You visited 1 branch of the dungeon, and saw 3 of its levels.

You collected 141 gold pieces.

Inventory:

Hand Weapons
 d - a +0 sling (weapon)
 f - a +0 dagger of venom
Armour
 a - a +0 robe (worn)
 j - a +0 pair of gloves (worn)
Magical Staves
 e - a staff of death
Scrolls
 g - 2 scrolls of teleportation {unknown}
 h - 2 scrolls of enchant weapon {unknown}
 l - 4 scrolls of torment {unknown}
 m - a scroll of magic mapping {unknown}
 n - 2 scrolls of identify {unknown}
Potions
 b - 2 potions of magic


   Skills:
 - Level 1.5 Dodging
 - Level 3.0 Stealth
 + Level 3.0 Spellcasting
 - Level 1.0 Transmutations
 + Level 0.2 Air Magic
 + Level 5.2 Poison Magic


You had 6 spell levels left.
You knew the following spells:

 Your Spells              Type           Power      Damage    Failure   Level
a - Sting                 Tmut/Pois      52%        1d5       4%          1
b - Poisonous Vapours     Pois/Air       22%        N/A       9%          2

Your spell library contained the following spells:

 Spells                   Type           Power      Damage    Failure   Level
 Olgreb's Toxic Radiance  Pois           20%        N/A       21%         4
 Mephitic Cloud           Conj/Pois/Air  8%         N/A       24%         3
 Blink                    Tloc           4%         N/A       26%         2
 Manifold Assault         Tloc           2%         N/A       99%         5
 Storm Form               Tmut/Air       2%         N/A       100%        7


Dungeon Overview and Level Annotations

Branches:
Dungeon (3/15)

Altars:

Annotations:
D:3 Terence


Innate Abilities, Weirdness & Mutations

Your serpentine skin is tough. (AC +1)
You have supernaturally acute eyesight. (SInv)
Armour fits poorly on your strangely shaped body.
Your system is resistant to poisons. (rPois)
You cover ground very slowly.
You can spit poison.
You have a snake-like lower body.


Message History

Fire: d) +0 sling
Press: ? - help, Q - select action, (/) - cycle Shift-Dir - straight line, f/p - hound zombie
Aim: a hound zombie (moderately damaged, weak-willed, 59% to hit)
You shoot a sling bullet.
The sling bullet completely misses the ball python.
The sling bullet hits the hound zombie.
The hound zombie is severely damaged.
The ball python bites you but does no damage.
The ball python closely misses you.
Okay, then.
Casting: Sting (safe; 4% risk of failure)
Confirm with . or Enter, or press ? or * to list all spells.
Aiming: Sting (safe; 4% risk of failure)
Press: ? - help, Shift-Dir - straight line, f/p - hound zombie
Aim: a hound zombie (severely damaged, weak-willed, 79% to hit)
You miscast Sting.
You are very lightly contaminated with residual magic.
Nothing appears to happen.
The ball python closely misses you.
Unknown command.
Casting: Sting (safe; 4% risk of failure)
Confirm with . or Enter, or press ? or * to list all spells.
Aiming: Sting (safe; 4% risk of failure)
Press: ? - help, Shift-Dir - straight line, f/p - hound zombie
Aim: a hound zombie (severely damaged, weak-willed, 79% to hit)
The sting hits the ball python.
The ball python is poisoned.
The ball python is severely wounded.
The ball python bites you but does no damage.
Fire: d) +0 sling
Press: ? - help, Q - select action, (/) - cycle Shift-Dir - straight line, f/p - hound zombie
Aim: a hound zombie (severely damaged, weak-willed, 59% to hit)
You shoot a sling bullet. The sling bullet hits the ball python.
You kill the ball python!
Terence the Incautious comes into view.
He is wielding a +0 mace and wearing a +0 chain mail of fire resistance.
The hound zombie bites you.
* * * LOW HITPOINT WARNING * * *
You have reached level 4!
You feel agile.
A frilled lizard comes into view.
Terence attacks as you move away! Terence hits you with a +0 mace!
You die...

..$ .. ..# ##.#
.?# #.. ..# ##..
..#### ##..#
.....
#...#########l.#
##.#.......Z...#
#........@Z#####
##.<......@......
#.........######
#...........
#...#########
#.... #...##
#####


You could see Terence, an adder zombie (weak-willed), a hound zombie
(weak-willed) and a frilled lizard.

Vanquished Creatures
  2 adders (D:2)
  A dart slug (D:1)
  5 endoplasms
  2 giant cockroaches (D:1)
  5 goblins
  3 hobgoblins
  2 jackals (D:2)
  A kobold (D:1)
  A quokka (D:1)
  3 ball pythons
  A ball python zombie (D:3)
  3 bats (D:1)
  2 frilled lizards
  2 rats
33 creatures vanquished.

Vanquished Creatures (others)
  A withered plant (D:3)
1 creature vanquished.

Grand Total: 34 creatures vanquished

Notes
Turn   | Place    | Note
-------+----------+-------------------------------------------
     0 | D:1      | Radix the Naga Venom Mage began the quest for the Orb.
     0 | D:1      | Reached XP level 1. HP: 15/15 MP: 3/3
   308 | D:1      | Reached XP level 2. HP: 22/22 MP: 5/5
   614 | D:1      | Found a faded altar of an unknown god.
  1111 | D:2      | Reached XP level 3. HP: 26/28 MP: 2/6
  1215 | D:2      | Reached skill level 5 in Poison Magic
  1408 | D:2      | Learned a level 2 spell: Poisonous Vapours
  1672 | D:3      | Noticed Terence
  1673 | D:3      | Reached XP level 4. HP: 5/36 MP: 5/8
  1674 | D:3      | Mangled by Terence

Illustrated notes

Levels and vault maps discovered:
D:1:      elethiomel_arrival_maze, layout_basic, serial_bayou,
          serial_bayou_pond_c, serial_bayou_lake_a, serial_bayou_pond_d,
          serial_bayou_pond_e, hellmonk_ecumenical_altar_defaced_shrine
D:2:      layout_rooms
D:3:      layout_rooms, serial_undead, serial_undead_d, serial_undead_e,
          serial_undead_b, serial_undead_f, serial_shops, nicolae_square_shop,
          uniq_terence

Skill      XL: |  1  2  3 |
---------------+----------+-----
Poison Magic   | 5 |  5.2
Spellcasting   | 3 |  3.0
Dodging        | |  1.5
Stealth        | |  3.0
Transmutations | |  1.0
Air Magic      | |  0.2

Action                   |  1- 3 |  4- 6 || total
-------------------------+-------+-------++-------
 Fire: Sling             |    73 |       ||    73
 Cast: Sting             |    26 |       ||    26
  Use: Scroll            |     2 |       ||     2
       Potion            |     1 |       ||     1
Armor: Robe              |    18 |       ||    18
Dodge: Dodged            |    38 |       ||    38
